 Dungeon Crawl Stone Soup version 0.30.1-9-gdf580d7c3d (webtiles) character file.

Game seed: 3691305580450898996

79 Zonian the Chiller (level 4, -2/36 HPs)
             Began as a Deep Elf Ice Elementalist on Oct 2, 2023.
             Slain by a goblin
             ... wielding a +0 club
             ... led by Robin
              (4 damage)
             ... on level 2 of the Dungeon.
             The game lasted 00:06:19 (1781 turns).

Zonian the Chiller (Deep Elf Ice Elementalist)      Turns: 1781, Time: 00:06:23

Health: -2/36      AC: 22    Str:  3    XL:     4   Next: 16%
Magic:  2/11       EV:  2    Int: 22    God:
Gold:   56         SH:  0    Dex: 15    Spells: 9/10 levels left

rFire   . . .        c - +0 whip (venom)
rCold   . . .        (no shield)
rNeg    . . .        a - melded +0 robe
rPois   +            (helmet currently unavailable)
rElec   .            (cloak currently unavailable)
rCorr   .            (gloves currently unavailable)
SInv    .            j - melded +0 pair of boots
Will    .....        (no amulet)
Stlth   ++           (no ring)
HPRegen 0.26/turn    (no ring)
MPRegen 0.12/turn

%: no passive effects
@: brilliant, tree-form, attractive
A: stationary, stasis, torment immunity, boosted hp, weak 1
a: no special abilities


You were on level 2 of the Dungeon.
You were a tree.
You visited 1 branch of the dungeon, and saw 2 of its levels.

You collected 56 gold pieces.

Inventory:

Hand Weapons
 c - a +0 whip of venom (weapon)
 e - a +0 long sword
 i - a +0 dagger
 q - a +0 short sword
 u - a +0 sling
 A - a +0 hand axe
Missiles
 o - 5 poisoned darts
 t - 2 javelins
 B - 6 boomerangs
Armour
 a - a +0 robe (melded)
 j - a +0 pair of boots (melded)
Magical Staves
 v - a staff of death
Scrolls
 d - a scroll of amnesia {unknown}
 f - a scroll of butterflies {unknown}
 h - a scroll of acquirement {unknown}
 k - a scroll of identify {unknown}
 l - a scroll of enchant armour {unknown}
 m - 2 scrolls of blinking {unknown}
 n - a scroll of poison {unknown}
 s - a scroll of vulnerability {unknown}
 w - 2 scrolls of teleportation {unknown}
 x - a scroll of fear {unknown}
 y - a scroll of magic mapping {unknown}
Potions
 p - 2 potions of lignification


   Skills:
 + Level 3.5 Dodging
 + Level 3.4 Stealth
 + Level 3.9 Spellcasting
 + Level 4.9 Ice Magic


You had 9 spell levels left.
You knew the following spells:

 Your Spells              Type           Power      Damage    Failure   Level
a - Freeze                Ice            100%       1d10      1%          1

Your spell library contained the following spells:

 Spells                   Type           Power      Damage    Failure   Level
 Frozen Ramparts          Ice            78%        1d12      4%          3
 Ozocubu's Armour         Ice            39%        N/A       4%          3
 Summon Ice Beast         Ice/Summ       22%        N/A       38%         4


Dungeon Overview and Level Annotations

Branches:
Dungeon (2/15)

Altars:

Annotations:
D:2 Robin


Innate Abilities, Weirdness & Mutations

You are a tree.
Your roots penetrate the ground, keeping you stationary.
You cannot be teleported.
You are immune to unholy pain and torment.
Your maximum health is greatly increased.
Your equipment is partially melded.
You are weak. (Str -2)


Message History

The goblin hits you but does no damage.
Okay, then.
Okay, then.
You aren't carrying any items that you can evoke.
Unknown command.
Casting: Freeze (safe; 1% risk of failure)
Confirm with . or Enter, or press ? or * to list all spells.
Aiming: Freeze (safe; 1% risk of failure)
Press: ? - help, Shift-Dir - straight line, f - goblin
Aim: a goblin, wielding a +0 dagger (strong)
You feel a surge of power!
You freeze the goblin!
You kill the goblin!
The goblin completely misses you.
Casting: Freeze (safe; 1% risk of failure)
Confirm with . or Enter, or press ? or * to list all spells.
Aiming: Freeze (safe; 1% risk of failure)
Press: ? - help, Shift-Dir - straight line, f - Robin
Aim: Robin, wielding a +0 club, wearing a +0 animal skin and wearing a +0 helmet You feel a surge of power!
You freeze Robin.
Robin is moderately wounded.
The goblin barely misses you. Robin throws the goblin at you!
The goblin hits you but does no damage.
Casting: Freeze (safe; 1% risk of failure)
Confirm with . or Enter, or press ? or * to list all spells.
Aiming: Freeze (safe; 1% risk of failure)
Press: ? - help, Shift-Dir - straight line, f/p - Robin
Aim: Robin, wielding a +0 club, wearing a +0 animal skin and wearing a +0 helmet (moderately wounded)
You feel a surge of power!
You freeze Robin.
Robin is heavily wounded.
The goblin hits you but does no damage. Robin hits you but does no damage.
The goblin hits you but does no damage.
Casting: Freeze (safe; 1% risk of failure)
Confirm with . or Enter, or press ? or * to list all spells.
Aiming: Freeze (safe; 1% risk of failure)
Press: ? - help, Shift-Dir - straight line, f/p - Robin
Aim: Robin, wielding a +0 club, wearing a +0 animal skin and wearing a +0 helmet (heavily wounded)
You feel a surge of power!
You freeze Robin.
Robin is heavily wounded.
The goblin hits you with a +0 club.
You die...

#.#. ######.#.#.#
..# #.#.#.# ###
+#######.#.#.###
................
########.#######
#..............#
##.#...########.#
............gg#
..#.#..(....#♣#
...######.##g#
>.. ........# ...
####.#..# + ...
......# #
###.....# ....#.#
#.... . #.... .#


You could see Robin and 2 goblins.

Vanquished Creatures
  2 adders (D:2)
  4 dart slugs
  3 endoplasms (D:2)
  3 giant cockroaches
  7 hobgoblins
  4 quokkas
  8 ball pythons
  4 bats
  A frilled lizard (D:2)
  9 goblins (D:2)
  2 kobolds
  4 rats
51 creatures vanquished.

Notes
Turn   | Place    | Note
-------+----------+-------------------------------------------
     0 | D:1      | Zonian the Deep Elf Ice Elementalist began the quest for
                  | the Orb.
     0 | D:1      | Reached XP level 1. HP: 10/10 MP: 6/6
   129 | D:1      | Reached XP level 2. HP: 15/15 MP: 5/8
  1152 | D:2      | Reached XP level 3. HP: 6/19 MP: 8/10
  1758 | D:2      | Noticed Robin
  1767 | D:2      | Gained mutation: You are weak. (Str -2) [potion of
                  | mutation]
  1767 | D:2      | HP: 1/28 [poisoned by an adder]
  1774 | D:2      | Reached XP level 4. HP: 9/24 MP: 9/11
  1777 | D:2      | HP: 1/36 [goblin/+0 club[Robin] (4)]
  1781 | D:2      | Slain by a goblin

Illustrated notes

Levels and vault maps discovered:
D:1:      saegor_arrival_simple_b, layout_rooms
D:2:      layout_basic, uniq_robin

Skill      XL: |  1  2 |
---------------+-------+-----
Stealth        | 3 |  3.4
Dodging        | 3 |  3.5
Spellcasting   | |  3.9
Ice Magic      | |  4.9

Action                     |  1- 3 |  4- 6 || total
---------------------------+-------+-------++-------
  Melee: Whip              |    55 |       ||    55
   Cast: Freeze            |    47 |     8 ||    55
    Use: Potion            |     6 |       ||     6
   Stab: Sleeping          |     5 |       ||     5
 Armour: Robe              |    18 |       ||    18
         Skin              |    17 |    10 ||    27
  Dodge: Dodged            |    68 |     5 ||    73
